 Dungeon Crawl Stone Soup version 0.18.1-50-g88ac8fd (webtiles) character file.

67 thewizardguy the Firebug (level 3, 0/39 HPs)
             Began as a Draconian Fire Elementalist on Oct 2, 2016.
             Succumbed to an orc wizard's poison
             ... on level 2 of the Dungeon.
             The game lasted 00:16:51 (2344 turns).

thewizardguy the Firebug (DrFE)                     Turns: 2344, Time: 00:16:51

Health: 0/39       AC: 21    Str:  8 (10) XL:     3   Next: 98%
Magic:  1/7        EV:  2    Int: 19      God:    Xom [..*...]
Gold:   116        SH:  2    Dex:  9 (11) Spells: 3 memorised, 1 level left

rFire  . . .     SeeInvis .     j - +0 spear
rCold  . . .     Gourm    .     (armour unavailable)
rNeg   + + +     Faith    .     (no shield)
rPois  +         Spirit   .     (helmet currently unavailable)
rElec  .         Dismiss  .     (cloak currently unavailable)
rCorr  .         Reflect  +     (gloves currently unavailable)
SustAt .         Harm     .     (boots currently unavailable)
MR     .....     NoTele   +     h - +2 amulet of reflection
Stlth  ++........               o - +1 ring of evasion
                                i - +3 ring of intelligence

@: lethally poisoned (0 -> -26), tree-form, not resistant to hostile
enchantments, unstealthy
A: unfitting armour, (cold-blooded), AC +5
a: Renounce Religion


You were on level 2 of the Dungeon.
You worshipped Xom.
You were a toy of Xom.
You were hungry.
You were a tree.
You visited 1 branch of the dungeon, and saw 3 of its levels.

You collected 116 gold pieces.

Inventory:

Hand Weapons
 c - a +0 trident
 g - a +0 club
 j - a +0 spear (weapon)
 n - a +0 hand axe
Jewellery
 h - a +2 amulet of reflection (around neck)
 i - a +3 ring of intelligence (left branch)
 o - a +1 ring of evasion (right branch)
Scrolls
 f - 2 scrolls of teleportation
 k - 4 scrolls of remove curse {unknown}
 l - a scroll of identify
 p - 2 scrolls of magic mapping {unknown}
 s - a scroll of immolation {unknown}
Books
 a - a book of Flames

   Spells                             Type                      Level
   a - Flame Tongue                   Conjuration/Fire             1
   b - Throw Flame                    Conjuration/Fire             2
   c - Conjure Flame                  Conjuration/Fire             3
   d - Inner Flame                    Hexes/Fire                   3
   e - Sticky Flame                   Conjuration/Fire             4
   f - Fireball                       Conjuration/Fire             5
Comestibles
 b - 4 bread rations
 q - a meat ration


   Skills:
 + Level 0.2 Maces & Flails
 + Level 0.2 Polearms
 + Level 1.9 Dodging
 + Level 2.1 Stealth
 + Level 2.9 Spellcasting
 + Level 1.4 Conjurations
 + Level 3.7 Fire Magic


You had one spell level left.
You knew the following spells:

 Your Spells              Type           Power        Failure   Level  Hunger
a - Flame Tongue          Conj/Fire      ##...        8%          1    None
b - Throw Flame           Conj/Fire      ##....       10%         2    ##.....
c - Inner Flame           Hex/Fire       #.......     21%         3    ###....


Dungeon Overview and Level Annotations

Branches:
Dungeon (3/15)

Altars:
Makhleb
Xom


Innate Abilities, Weirdness & Mutations

((Your plain brown scales are hard (AC +5).))
Your body does not fit into most forms of armour.
((You are cold-blooded and may be slowed by cold attacks.))


Message History

Xom thinks this is hilarious!
* * * LOW HITPOINT WARNING * * *
You feel sick.
The orc wizard hits you but does no damage.
You are more poisoned.
You cannot move.
You cannot move.
You cannot move.
You cannot move.
You cannot move.
You cannot move.
* * * LOW HITPOINT WARNING * * *
You feel sick.
The orc wizard hits you but does no damage.
You are more poisoned.
* * * LOW HITPOINT WARNING * * *
You feel sick.
The orc wizard hits you but does no damage.
You die...
Xom snickers!

#. #.####.## #.#
#.##.# #..#.# #.# #.#
#.##.# #..#.####.#
#.# #.##.#
#.........# #.#
#....# ##.#.######
#.# ####.# #.#.# #.#
#.# ####.#.#########
#.# #.#
...............####.#
#####.#
##############.o♣†..#
#<....#### ########
#.###....# #.# #..#<#
#.# ##...# #.# ##.##
#.# #.# ######### #.#
#.# ##.......# #.#
#.# ...#####.## #.#
#.#


You could see an orc wizard.

Vanquished Creatures
  An adder (D:3)
  A worm (D:3)
  A dart slug (D:1)
  2 giant geckos
  2 orcs (D:2)
  2 ball pythons (D:3)
  4 giant cockroaches
  7 goblins
  6 hobgoblins
  3 kobolds
  2 quokkas
  7 bats
  3 giant newts
  A rat (D:2)
42 creatures vanquished.

Notes
Turn   | Place    | Note
--------------------------------------------------------------
     0 | D:1      | thewizardguy the Draconian Fire Elementalist began the quest for the Orb.
     0 | D:1      | Reached XP level 1. HP: 14/14 MP: 3/3
   495 | D:1      | Reached XP level 2. HP: 18/20 MP: 3/5
  1482 | D:2      | Reached XP level 3. HP: 26/26 MP: 3/6
  1749 | D:2      | Found a burning altar of Makhleb.
  1749 | D:2      | Found a shimmering altar of Xom.
  1771 | D:2      | Became a worshipper of Xom the Random
  1994 | D:3      | Learned a level 2 spell: Throw Flame
  2001 | D:3      | Learned a level 3 spell: Inner Flame
  2344 | D:2      | Succumbed to an orc wizard's poison

Skill      XL: |  1  2  3 |
---------------+----------+-----
Stealth        | 2 |  2.1
Maces & Flails | |  0.2
Polearms       | |  0.2
Dodging        | |  1.9
Spellcasting   | |  2.9
Conjurations   | |  1.4
Fire Magic     | |  3.7

Action                   || total
-------------------------++-------
Melee: Club              ||     9
       Tailslap          ||     5
       Spear             ||    22
 Cast: Flame Tongue      ||    62
       Throw Flame       ||     4
  Use: Scroll            ||     6
       Potion            ||     5
  Eat: Chunk             ||     4
Armor: Skin              ||    20
Dodge: Dodged            ||    48
Block: Other             ||     5
       Reflection        ||     1
